 Dungeon Crawl Stone Soup version 0.31-a0-325-g067879e3d3 (webtiles) character file.

Game seed: 16931763416142429991

247 IdlyInterested the Cudgeller (level 5, -3/41 HPs)
             Began as a Demonspawn Gladiator on July 18, 2023.
             Killed by nerve-wracking pain
             ... invoked by Grinder
              (8 damage)
             ... in a sewer.
             The game lasted 00:06:33 (1989 turns).

IdlyInterested the Cudgeller (Demonspawn Gladiator) Turns: 1989, Time: 00:06:34

Health: -3/41      AC: 10    Str: 16    XL:     5   Next: 85%
Magic:  5/5        EV: 11    Int: 10    God:
Gold:   92         SH:  4    Dex: 14    Spells: 4/4 levels left

rFire   . . .        a - +0 flail
rCold   + . .        (no shield)
rNeg    . . .        j - +0 ring mail
rPois   .            c - +0 helmet
rElec   .            (no cloak)
rCorr   .            (no gloves)
SInv    .            (no boots)
Will    .....        (no amulet)
Stlth   +            n - ring of protection from cold
HPRegen 0.26/turn    (no ring)
MPRegen 0.09/turn

%: no passive effects
@: no status effects
A: icemail 1, spiny 1, condensation shield
a: no special abilities


You were in a sewer.
You visited 1 branch of the dungeon, and saw 3 of its levels.
You also visited: Sewer.

You collected 92 gold pieces.

Inventory:

Hand Weapons
 a - a +0 flail (weapon)
Missiles
 d - 3 throwing nets
 m - 17 stones (quivered)
Armour
 b - a +0 leather armour
 c - a +0 helmet (worn)
 j - a +0 ring mail (worn)
Jewellery
 n - a ring of protection from cold (left hand)
Scrolls
 i - 2 scrolls of torment
Potions
 g - a potion of attraction {unknown}
 h - a potion of mutation {unknown}
 k - a potion of heal wounds {unknown}
 l - a potion of berserk rage {unknown}


   Skills:
 + Level 3.6 Fighting
 * Level 4.4 Maces & Flails
 - Level 1.7 Throwing
 + Level 2.0 Armour
 - Level 2.6 Dodging
 - Level 1.0 Stealth
 - Level 1.0 Evocations


You had 4 spell levels left.
You didn't know any spells.
Your spell library contained the following spells:

 Spells                   Type           Power      Damage    Failure   Level
 Apportation              Tloc           0%         N/A       56%         1
 Necrotise                Necr           0%         1d4       56%         1
 Summon Small Mammal      Summ           0%         N/A       56%         1
 Inner Flame              Hex/Fire       0%         N/A       91%         3
 Flame Wave               Conj/Fire      0%         2d4       100%        4
 Sticky Flame             Conj/Fire      0%         2d3       100%        4


Dungeon Overview and Level Annotations

Branches:
Dungeon (3/15)              Sewer (1/1)

Altars:
Fedhas

Annotations:
D:3 Natasha Sewer Grinder


Innate Abilities, Weirdness & Mutations

A meltable icy envelope protects you from harm. (AC +4)
You are partially covered in sharp spines.
A meltable shield of frost defends you. (SH +4)


Message History

The shadow imp is struck by your spines.
You kill the shadow imp!
You start resting.
Grinder is nearby!
Grinder hits you.
You writhe in agony.
There is an open door here.
Items here: ( ) ††.
You hit Grinder but do no damage.
Grinder is lightly wounded.
Grinder hits you.
You writhe in agony.
You hit Grinder but do no damage. Grinder is struck by your spines.
Grinder hits you.
You writhe in agony.
You hit Grinder but do no damage.
Grinder is lightly wounded.
You block Grinder's attack. Grinder closely misses you.
You hit Grinder but do no damage.
Grinder is lightly wounded.
You block Grinder's attack.
You hit Grinder.
Grinder is lightly wounded.
Grinder closely misses you.
You hit Grinder.
Grinder is moderately wounded.
Grinder barely misses you.
You sock Grinder!
Grinder is heavily wounded.
Grinder is struck by your spines. Grinder barely misses you.
You sock Grinder!
Grinder is severely wounded.
Grinder gestures at you.
You suddenly lose the ability to move!
Grinder gestures at you. Pain shoots through your body!
* * * LOW HITPOINT WARNING * * *
Grinder is struck by your spines. Grinder hits you but does no damage. x2
You can move again.
It was a potion of magic.
Magic courses through your body. Grinder gestures at you.
Pain shoots through your body!
You die...

..)....).....≈≈≈≈...'.
#.†...........≈≈#...#
###≈##~##≈###.####†##
≈≈≈≈≈≈≈≈≈≈≈~...#.~≈#
≈≈≈≈≈≈≈≈≈≈≈≈≈~..#))≈#
≈≈≈≈≈≈≈≈≈≈≈≈≈≈~.#))≈#
≈≈≈≈≈≈≈≈≈≈≈≈≈≈~.#.≈≈#
≈≈≈≈≈≈≈≈≈≈≈≈≈≈..#.~≈#
≈≈≈≈≈≈≈≈≈≈.@5~≈#
################


You could see Grinder.

Vanquished Creatures
  A kobold brigand (Sewer)
  A quasit (Sewer)
  3 adders
  A river rat (D:3)
  2 shadow imps (Sewer)
  4 ufetubi (Sewer)
  An adder zombie (Sewer)
  A worm (D:2)
  2 dart slugs (D:1)
  6 endoplasms
  7 giant cockroaches
  9 goblins
  A hobgoblin (D:2)
  18 kobolds
  A quokka (D:1)
  3 ball pythons (D:1)
  5 bats
  A frilled lizard (D:3)
  5 rats
72 creatures vanquished.

Vanquished Creatures (others)
  2 endoplasms (Sewer)
2 creatures vanquished.

Grand Total: 74 creatures vanquished

Notes
Turn   | Place    | Note
-------+----------+-------------------------------------------
     0 | D:1      | IdlyInterested the Demonspawn Gladiator began the quest for
                  | the Orb.
     0 | D:1      | Reached XP level 1. HP: 16/16 MP: 1/1
   157 | D:1      | Gained mutation: A meltable shield of frost defends you.
                  | (SH +4) [demonic ancestry]
   157 | D:1      | Reached XP level 2. HP: 9/23 MP: 2/2
   170 | D:1      | Reached skill level 1 in Armour
   687 | D:1      | Gained mutation: You are partially covered in sharp spines.
                  | [demonic ancestry]
   687 | D:1      | Reached XP level 3. HP: 28/28 MP: 3/3
   711 | D:1      | Reached skill level 3 in Maces & Flails
   793 | D:2      | Found a blossoming altar of Fedhas.
   807 | D:1      | Reached skill level 1 in Stealth
  1469 | D:3      | Gained mutation: A meltable icy envelope protects you from
                  | harm. (AC +4) [demonic ancestry]
  1469 | D:3      | Reached XP level 4. HP: 34/34 MP: 4/4
  1476 | D:3      | Found a glowing drain.
  1484 | D:3      | Reached skill level 1 in Evocations
  1519 | D:3      | Noticed Natasha
  1531 | Sewer    | Entered a sewer
  1776 | Sewer    | Reached skill level 4 in Maces & Flails
  1776 | Sewer    | Reached XP level 5. HP: 35/41 MP: 5/5
  1940 | Sewer    | Noticed Grinder
  1986 | Sewer    | Paralysed by Grinder for 3 turns
  1989 | Sewer    | Killed from afar by Grinder

Illustrated notes

Levels and vault maps discovered:
D:1:      minmay_arrival_up_and_down, layout_loops_ring
D:2:      layout_rooms, basic_altar
D:3:      layout_loops_ring, marbit_many_paths, portal_sewer_entry_a,
          uniq_jessica, uniq_natasha
Sewer:    kennysheep_sewer_church

Skill      XL: |  1  2  3  4  5 |
---------------+----------------+-----
Armour         | 1 2 |  2.0
Maces & Flails | 3 4 |  4.4
Stealth        | 1 |  1.0
Evocations     | 1 |  1.0
Fighting       | 3 |  3.6
Throwing       | |  1.7
Dodging        | |  2.6

Action                     |  1- 3 |  4- 6 || total
---------------------------+-------+-------++-------
  Melee: Flail             |    96 |    90 ||   186
         Punch             |       |     1 ||     1
  Throw: Javelin           |       |     1 ||     1
         Stone             |       |     1 ||     1
    Use: Scroll            |     2 |     1 ||     3
         Potion            |       |     1 ||     1
   Stab: Sleeping          |     3 |     1 ||     4
 Armour: Leather armour    |    44 |     9 ||    53
         Ring mail         |       |    29 ||    29
  Dodge: Dodged            |    72 |    65 ||   137
  Block: Other             |    14 |    18 ||    32

Table legend: (Time is in decaauts)
 A = Elapsed time spent in this place.
 B = Non-inter-level travel time spent in this place.
 C = Inter-level travel time spent in this place.
 D = Time resting spent in this place.
 E = Time spent auto-exploring this place.
 F = Levels seen in this place.
 G = Mean time per level.
                   A        B        C        D        E       F      G
               +--------+--------+--------+--------+--------+-----+--------+
         Total |   2038 |   1964 |     74 |    575 |    754 |   4 |  509.5 |
       Dungeon |   1564 |   1490 |     74 |    318 |    730 |   3 |  521.3 |
         Sewer |    474 |    474 |      0 |    257 |     24 |   1 |  474.0 |
               +--------+--------+--------+--------+--------+-----+--------+

Top non-repeatable levels by time:
     D:1: 935 daAuts
     D:2: 474 daAuts
   Sewer: 474 daAuts
     D:3: 153 daAuts
